 Dungeon Crawl Stone Soup version 0.31.0-12-g77e489cdc1 (webtiles) character file.

Game seed: 16169483358556138543

1 Faeranduil the Sneak (level 1, 0/9 HPs)
             Began as a Spriggan Enchanter on Feb 15, 2024.
             Slain by a jackal (3 damage)
             ... on level 1 of the Dungeon.
             The game lasted 00:01:02 (231 turns).

Faeranduil the Sneak (Spriggan Enchanter)            Turns: 231, Time: 00:01:03

Health: 0/9        AC:  2    Str:  4    XL:     1   Next: 16%
Magic:  5/5        EV: 17    Int: 16    God:
Gold:   6          SH:  0    Dex: 15    Spells: 5/5 levels left

rFire   . . .        a - +1 dagger
rCold   . . .        (no shield)
rNeg    . . .        b - +0 robe
rPois   .            (helmet restricted)
rElec   .            (no cloak)
rCorr   .            (gloves unavailable)
SInv    +            (boots unavailable)
Will    .....        (no amulet)
Stlth   +++          (no ring)
HPRegen 0.21/turn    (no ring)
MPRegen 0.09/turn

%: no passive effects
@: very quick
A: very small, no large weapons, unfitting armour, see invisible, speed 3
a: no special abilities


You were on level 1 of the Dungeon.
You visited 1 branch of the dungeon, and saw 1 of its levels.

You collected 6 gold pieces.

Inventory:

Hand Weapons
 a - a +1 dagger (weapon)
Armour
 b - a +0 robe (worn)
Scrolls
 e - a scroll of teleportation {unknown}
Potions
 c - 2 potions of invisibility
 d - 2 potions of curing {unknown}


   Skills:
 + Level 1.1 Short Blades
 - Level 2.6 Dodging
 * Level 4.5 Stealth
 - Level 2.6 Spellcasting
 + Level 3.6 Hexes


You had 5 spell levels left.
You didn't know any spells.
Your spell library contained the following spells:

 Spells                   Type           Power      Damage    Failure   Level
 Confusing Touch          Hex            13%        N/A       13%         3
 Tukima's Dance           Hex            13%        N/A       13%         3
 Ensorcelled Hibernation  Hex/Ice        16%        N/A       14%         2
 Dazzling Flash           Conj/Hex       16%        N/A       26%         3


Dungeon Overview and Level Annotations

Branches:
Dungeon (1/15)

Altars:


Innate Abilities, Weirdness & Mutations

You are very small and have problems with some larger weapons.
You are too small for most types of armour.
You have supernaturally acute eyesight. (SInv)
You cover ground extremely quickly. (Speed+++)


Message History

The bat completely misses you.
You miss the bat. The bat misses you.
You hit the bat.
The bat is moderately wounded.
The bat hits you.
You hit the bat.
The bat is moderately wounded.
The bat misses you. The bat barely misses you.
You hit the bat.
You kill the bat!
No target in view!
No target in view!
e - a scroll labelled CAIKHEMN UKHLAZ You start waiting.
Done waiting.
You're too inexperienced to learn that spell!
Unknown command.
You now have 6 gold pieces.
d - 2 sedimented puce potions (gained 1)
A kobold comes into view. It is wielding a +0 whip.
Found 18 gold pieces, a glowing marble ring and a black potion.
A jackal comes into view.
The jackal barks!
The jackal barely misses you.
You hit the jackal but do no damage. The jackal misses you.
You barely miss the jackal. The jackal bites you. The jackal misses you.
You hit the jackal.
The jackal is moderately wounded.
The jackal closely misses you.
You hit the jackal but do no damage.
The jackal is moderately wounded.
The jackal bites you.
You closely miss the jackal.
The jackal is moderately wounded.
The jackal bites you. The jackal completely misses you.
You miss the jackal.
The jackal is moderately wounded.
The jackal bites you.
You die...

###.#...##### #...#.. ######
..#.........# #P..#.. #....#
#.##........##+###'###' #....#
#.##.......[#..........
#....######.##......[.'.......##.
.....#.......#...(....#..........
#....#.......+........##'###'###'
.............###....###...#...#..
#....#..(......h@....##.~.#P..#..
.....#................###########
.....#................#
#....#................#
....##................#
##.h##................#
##.##....)...........#
###.################.##
.............


You could see a jackal.

Vanquished Creatures
  A bat (D:1)
1 creature vanquished.

Notes
Turn   | Place    | Note
-------+----------+-------------------------------------------
     0 | D:1      | Faeranduil the Spriggan Enchanter began the quest for the
                  | Orb.
     0 | D:1      | Reached XP level 1. HP: 9/9 MP: 5/5
   231 | D:1      | Slain by a jackal

Illustrated notes

Levels and vault maps discovered:
D:1:      dpeg_arrival_prison, layout_basic, minivault_14

Action                     || total
---------------------------++-------
  Melee: Dagger            ||    12
 Armour: Robe              ||     5
  Dodge: Dodged            ||    11
